 Dungeon Crawl Stone Soup version 0.23-a0-650-ga4d50d4 (webtiles) character file.

217 Greg the Sneak (level 5, -5/24 HPs)
             Began as a Spriggan Enchanter on Jan 2, 2019.
             Slain by an orc
             ... wielding a +0 flail
              (6 damage)
             ... on level 4 of the Dungeon on Jan 3, 2019.
             The game lasted 00:22:14 (2618 turns).

Greg the Sneak (Spriggan Enchanter)                 Turns: 2618, Time: 00:22:15

Health: -5/24      AC:  2    Str:  5    XL:     5   Next: 61%
Magic:  0/11       EV: 19    Int: 16    God:
Gold:   207        SH:  0    Dex: 17    Spells: 2/11 levels left

rFire    . . .     SeeInvis +   a - +1 dagger
rCold    . . .     Gourm    .   (shield restricted)
rNeg     . . .     Faith    .   b - +0 robe
rPois    .         Spirit   .   (helmet restricted)
rElec    .         Reflect  .   (no cloak)
rCorr    .         Harm     .   (gloves unavailable)
MR       .....                  (boots unavailable)
Stlth    +++.......             (no amulet)
HPRegen  0.08/turn              n - ring of flight
MPRegen  0.12/turn              (no ring)

@: very quick
A: very small, unfitting armour, see invisible, herbivore, speed 3, slow
metabolism 2
a: Evoke Flight


You were on level 4 of the Dungeon.
You were not hungry.

You visited 1 branch of the dungeon, and saw 4 of its levels.

You collected 207 gold pieces.

Inventory:

Hand Weapons
 a - a +1 dagger (weapon)
Armour
 b - a +0 robe (worn)
Jewellery
 n - a ring of flight (left hand)
Scrolls
 g - 2 scrolls of identify {unknown}
 k - 2 scrolls of remove curse {unknown}
 l - a scroll of enchant weapon {unknown}
 o - a scroll of teleportation {unknown}
Potions
 c - 3 potions of might {unknown}
 e - 2 potions of brilliance {unknown}
 f - a potion of resistance {unknown}
 h - 2 potions of curing {unknown}
 i - a potion of lignification {unknown}
 j - a potion of ambrosia {unknown}
 m - a potion of invisibility {unknown}
Comestibles
 d - 3 rations


   Skills:
 + Level 0.1 Fighting
 + Level 1.7 Short Blades
 + Level 3.9 Dodging
 + Level 6.3 Stealth
 + Level 3.7 Spellcasting
 + Level 5.4 Hexes
 + Level 0.8 Ice Magic


You had 2 spell levels left.
You knew the following spells:

 Your Spells              Type           Power        Failure   Level  Hunger
a - Corona                Hex            ###....      1%          1    None
b - Ensorcelled Hibernat  Hex/Ice        ##....       8%          2    ##.....
c - Confuse               Hex            ###.....     6%          3    ###....
d - Dazzling Spray        Conj/Hex       ##....       17%         3    ###....

Your spell library contained the following spells:

 Spells                   Type           Power        Failure   Level  Hunger
 Tukima's Dance           Hex            ###.....     6%          3    ###....


Dungeon Overview and Level Annotations

Branches:
Dungeon (4/15)
 Temple: D:4-7

Altars:


Innate Abilities, Weirdness & Mutations

You are very small and have problems with some larger weapons.
You are too small for most types of armour.
You have supernaturally acute eyesight. (SInv)
You are a herbivore.
You cover ground extremely quickly.
You need to consume almost no food.


Message History

The orc wizard points at you and mumbles some strange words.
The puff of flame hits you!
You are too injured to fight recklessly!
You are too injured to fight recklessly!
You are too injured to fight recklessly!
You are too injured to fight recklessly!
You are too injured to fight recklessly!
You are too injured to fight recklessly!
You barely miss the orc.
The orc is severely wounded.
The orc closely misses you.
You catch the helpless orc completely off-guard!
You puncture the orc!
You kill the orc!
The orc wizard barely misses you.
The orc wizard gestures at you while chanting.
The puff of flame hits you!
* * * LOW HITPOINT WARNING * * *
The orc hits you with a +0 flail.
You die...

.....................#
........<..##.......###
............#.........###
.................##.#...#
............##..######..#
......#.....######......#
#...(.......#.###..#.#..#
#.................#######
.........#......@)#
.##..##.##.....o)o# ..
####.........#
#..........# ...........#
............
.........#..#
.......##..##


You could see an orc wizard (blind) and an orc.

Vanquished Creatures
  A bullfrog skeleton (D:4)
  Jessica (D:2)
  An iguana (D:4)
  6 adders
  An ooze (D:2)
  2 dart slugs
  2 worms
  2 leopard geckos
  4 orcs
  A ball python (D:1)
  10 bats
  6 goblins
  5 hobgoblins
  7 jackals
  4 frilled lizards
  8 kobolds
  5 rats
66 creatures vanquished.

Notes
Turn   | Place    | Note
-------+----------+-------------------------------------------
     0 | D:1      | Greg the Spriggan Enchanter began the quest for the Orb.
     0 | D:1      | Reached XP level 1. HP: 9/9 MP: 5/5
   488 | D:1      | Reached XP level 2. HP: 13/13 MP: 7/7
   502 | D:1      | Learned a level 2 spell: Ensorcelled Hibernation
   511 | D:1      | Reached skill level 5 in Stealth
   989 | D:2      | Noticed Jessica
  1060 | D:2      | Killed Jessica
  1060 | D:2      | Reached XP level 3. HP: 16/16 MP: 3/8
  1110 | D:2      | Reached skill level 6 in Stealth
  1408 | D:2      | Reached XP level 4. HP: 21/21 MP: 4/9
  1536 | D:2      | Learned a level 3 spell: Confuse
  1540 | D:2      | Learned a level 3 spell: Dazzling Spray
  2152 | D:3      | Reached XP level 5. HP: 18/24 MP: 3/11
  2584 | D:4      | Reached skill level 5 in Hexes
  2618 | D:4      | HP: 1/24 [orc wizard/puff of flame (7)]
  2618 | D:4      | Slain by an orc

Vault maps used:
D:1:      dpeg_arrival_signposts
D:2:      first_ration, minmay_tall_x, uniq_jessica
D:4:      nicolae_overflow_hidden_temple, serial_park, serial_park_tiny_2,
          serial_park_paths, serial_shops, shop, uniq_blork_the_orc

Skill      XL: |  1  2  3  4  5 |
---------------+----------------+-----
Spellcasting   | 3 |  3.7
Stealth        | 5 6 |  6.3
Hexes          | 4 5 |  5.4
Fighting       | |  0.1
Short Blades   | |  1.7
Dodging        | |  3.9
Ice Magic      | |  0.8

Action                   |  1- 3 |  4- 6 || total
-------------------------+-------+-------++-------
Melee: Dagger            |    81 |   137 ||   218
 Cast: Ensorcelled Hiber |    16 |     4 ||    20
       Confuse           |       |    12 ||    12
       Dazzling Spray    |       |     4 ||     4
 Stab: Sleeping          |    18 |     9 ||    27
       Confused          |       |     5 ||     5
       Invisible         |       |     1 ||     1
  Eat: Ration            |       |     1 ||     1
Armor: Robe              |     6 |    11 ||    17
Dodge: Dodged            |    61 |   141 ||   202

Table legend:
 A = Non-vault XP
 B = Vault XP
 C = Vault XP percentage of total XP
 D = Non-vault monster count
 E = Vault monster count
 F = Vault count percentage of total count
                 A         B        C        D         E       F
            +---------+---------+-------+---------+---------+-------
      Total |     267 |      43 |  13.9 |      61 |       5 |   7.6
            +---------+---------+-------+---------+---------+-------
        D:1 |      23 |       0 |   0.0 |      13 |       0 |   0.0
        D:2 |      41 |      43 |  51.2 |      16 |       5 |  23.8
        D:3 |     115 |       0 |   0.0 |      27 |       0 |   0.0
        D:4 |      88 |       0 |   0.0 |       5 |       0 |   0.0
            +---------+---------+-------+---------+---------+-------
